 Dungeon Crawl Stone Soup version 0.28-a0-425-gd0eccab798 (webtiles) character file.

Game seed: 2573673381641788992

1255 Zenkrye the Chopper (level 8, -1/62 HPs)
             Began as a Palentonga Abyssal Knight on Sept 9, 2021.
             Was a Believer of Lugonu.
             Slain by a killer bee (3 damage)
             ... on level 7 of the Dungeon.
             The game lasted 00:12:45 (5558 turns).

Zenkrye the Chopper (Palentonga Abyssal Knight)     Turns: 5558, Time: 00:12:45

Health: -1/62      AC: 17    Str: 17    XL:     8   Next: 26%
Magic:  22/22      EV:  9    Int: 13    God:    Lugonu [**....]
Gold:   233        SH:  0    Dex: 10    Spells: 7/7 levels left

rFire   . . .      SeeInvis +   a - +2 hand axe (flame)
rCold   + . .      Faith    .   (no shield)
rNeg    . . .      Spirit   .   g - +3 leather armour
rPois   .          Reflect  .   f - +0 helmet
rElec   .          Harm     .   (no cloak)
rCorr   .          Rampage  .   u - +1 pair of gloves
Will    .....                   (no barding)
Stlth   +.........              (no amulet)
HPRegen 0.20/turn               c - ring of protection from cold
MPRegen 0.18/turn               x - ring of magical power

@: very slightly contaminated, invisible, curled up
A: large, rugged brown scales 3, see invisible, deformed body, roll 1, armoured
tail, reflexive curl
a: Rolling Charge, Renounce Religion, Depart the Abyss, Bend Space


You were on level 7 of the Dungeon.
You worshipped Lugonu.
Lugonu was pleased with you.
You visited 1 branch of the dungeon, and saw 6 of its levels.
You visited the Abyss 1 time.

You collected 287 gold pieces.
You spent 54 gold pieces at shops.

Inventory:

Hand Weapons
 a - a +2 hand axe of flaming (weapon)
 p - a +0 war axe
Missiles
 k - 13 bolts
 z - 40 sling bullets
Armour
 b - a +0 leather armour
 f - a +0 helmet (worn)
 g - a +3 leather armour (worn)
 u - a +1 pair of gloves (worn)
Magical Staves
 s - a staff of earth
Jewellery
 c - a ring of protection from cold (left hand)
 x - a ring of magical power (right hand)
Wands
 y - a wand of flame (19)
Scrolls
 i - a scroll of identify {@r1}
 n - a scroll of fog
 o - a scroll of vulnerability {unknown}
 q - 2 scrolls of enchant weapon
 t - 2 scrolls of enchant armour
 w - a scroll of noise {unknown}
Potions
 d - 2 potions of flight
 e - a potion of magic
 l - a potion of ambrosia {unknown}
 m - a potion of invisibility
 v - a potion of heal wounds {unknown}
 A - 2 potions of haste {unknown}


   Skills:
 - Level 3.0 Fighting
 * Level 7.9 Axes
 - Level 1.5 Armour
 - Level 0.7 Dodging
 + Level 7.2 Invocations


You had 7 spell levels left.
You didn't know any spells.
Your spell library contained the following spells:

 Spells                   Type           Power      Damage    Failure   Level
 Sandblast                Erth           0%         2d4       36%         1
 Passwall                 Tmut/Erth      0%         N/A       50%         2
 Conjure Flame            Conj/Fire      0%         6-21      73%         3
 Ignite Poison            Fire/Tmut/Pois 0%         N/A       73%         3
 Stone Arrow              Conj/Erth      0%         3d7       73%         3
 Animate Armour           Summ/Erth      0%         N/A       98%         4
 Sticky Flame             Conj/Fire      0%         2d3       98%         4
 Lehudib's Crystal Spear  Conj/Erth      0%         10d2      100%        8


Dungeon Overview and Level Annotations

Branches:
Dungeon (5/15)             Temple (0/1) D:5

Altars:
Wu Jian

Shops:
D:3 [

Annotations:
D:5 2 transporters, littlecub's ghost, novice MiFi
D:7 1 transporter, pigah's ghost, novice OpWn


Innate Abilities, Weirdness & Mutations

You are completely covered in rugged brown scales. (AC +3, +7% HP)
You have supernaturally acute eyesight. (SInv)
Armour fits poorly on your strangely shaped body.
You can roll at nearby foes to attack.
You have a long armoured tail.
You curl defensively after being hit.


Message History

* * * LOW HITPOINT WARNING * * *
You barely miss the killer bee. The killer bee stings you.
* * * LOW HITPOINT WARNING * * *
The killer bee stings you but does no damage.
It was a potion of curing.
You feel better.
The killer bee stings you but does no damage.
The killer bee stings you.
* * * LOW HITPOINT WARNING * * *
It was a potion of invisibility.
You fade into invisibility!
The killer bee stings you.
* * * LOW HITPOINT WARNING * * *
The killer bee stings you but does no damage.
You are very lightly contaminated with residual magic.
You hit the killer bee. You burn the killer bee.
The killer bee is heavily wounded.
The killer bee stings you but does no damage. x2
You hit the killer bee but do no damage.
The killer bee is heavily wounded.
The killer bee stings you but does no damage. x2
You miss the killer bee.
The killer bee is heavily wounded.
The killer bee stings you but does no damage.
The killer bee stings you.
* * * LOW HITPOINT WARNING * * *
You barely miss the killer bee.
The killer bee is heavily wounded.
The killer bee stings you.
* * * LOW HITPOINT WARNING * * *
Okay, then.
You hit the killer bee. You burn the killer bee.
The killer bee is almost dead.
You feel less wooden.
Your +0 helmet unmelds from your body.
Your +1 pair of gloves unmelds from your body.
Your +3 leather armour unmelds from your body.
The killer bee barely misses you.
The killer bee stings you but does no damage.
The killer bee stings you.
You die...

.#.#.#.# #..##.#..# ##.# #......
.#.#.#.###.# #.#..# #.###......
...........# #.#..# #..####'###
...........# #.#..######.####.###
.#.###.###.###...................
#.#.....#........######.........
##.###.###..####.## #.........
............# #.# #.........
...........## #@# ....Z.......
##.#.#.###.# #y# ##..........
#.#.#.# ..# #y# #.#+#...###
#.###.###.# #y# #. ##..# # ...
... ..# #.# #. ##..### ### ###
#.. ...>... .... ..#.#.. .....
#.# ####### #.


You could see 3 killer bees.

Vanquished Creatures
  An ogre (D:4)
  A centaur (D:7)
  A wyvern zombie (D:7)
  3 killer bees (D:7)
  8 wights
  A howler monkey (D:2)
  2 bullfrog zombies
  2 jellies
  A centaur zombie (D:7)
  6 orc wizards (D:7)
  A howler monkey zombie (D:7)
  5 gnolls
  7 adders
  An ufetubus (D:7)
  2 worms
  2 dart slugs (D:5)
  3 orcs
  3 bats
  5 endoplasms
  6 giant cockroaches
  4 hobgoblins
  10 jackals (D:1)
  5 kobolds
  2 quokkas
  5 ball pythons
  4 frilled lizards
  10 goblins
  5 rats
106 creatures vanquished.

Notes
Turn   | Place    | Note
-------+----------+-------------------------------------------
     0 | Abyss:1  | Zenkrye the Palentonga Abyssal Knight began the quest for
                  | the Orb.
     0 | Abyss:1  | Reached XP level 1. HP: 19/19 MP: 2/2
    69 | Abyss:1  | Noticed a fenstrider witch skeleton
    92 | Abyss:2  | Noticed a glowing orange brain
   117 | Abyss:2  | Noticed a soul eater
   118 | D:1      | Escaped the Abyss
   340 | D:1      | Reached XP level 2. HP: 25/25 MP: 3/3
   693 | D:1      | Reached * piety under Lugonu
   824 | D:1      | Reached XP level 3. HP: 31/31 MP: 4/4
   931 | D:1      | Found a faded altar of an unknown god.
  1491 | D:2      | Reached XP level 4. HP: 37/37 MP: 6/6
  1878 | D:2      | Found an ornate altar of the Wu Jian Council.
  2058 | D:3      | Reached XP level 5. HP: 37/43 MP: 7/7
  2178 | D:3      | Found Vehoruq's Armour Boutique.
  2196 | D:3      | Bought a +0 pair of gloves for 54 gold pieces
  3091 | D:4      | Reached skill level 5 in Axes
  3166 | D:4      | Noticed an ogre
  3170 | D:4      | Killed an ogre
  3171 | D:4      | Reached XP level 6. HP: 50/50 MP: 9/9
  3749 | D:5      | Entered Level 5 of the Dungeon
  3757 | D:5      | Found a transporter.
  3758 | D:5      | Noticed littlecub's ghost (novice MiFi)
  3777 | D:5      | Found a transporter.
  3956 | D:5      | Reached ** piety under Lugonu
  4001 | D:5      | Found a staircase to the Ecumenical Temple.
  4028 | D:5      | Reached skill level 5 in Invocations
  4120 | D:5      | Gained mutation: You curl defensively after being hit.
                  | [Palentonga growth]
  4120 | D:5      | Reached XP level 7. HP: 47/55 MP: 11/11
  4185 | D:5      | You fall into a shaft and drop 2 floors!
  4535 | D:7      | Found a transporter.
  4627 | D:7      | Noticed pigah's ghost (novice OpWn)
  4627 | D:7      | Noticed a moth of wrath
  4629 | D:7      | Noticed a yak
  4831 | D:7      | Reached XP level 8. HP: 21/62 MP: 13/13
  5556 | D:7      | HP: 2/93 [killer bee (5)]
  5558 | D:7      | Slain by a killer bee

Illustrated notes

Levels and vault maps discovered:
D:1:      evilmike_arrival_rings, layout_basic, ebering_ecumenical_altar_ruins
D:2:      layout_loops_cross, basic_altar
D:3:      layout_rooms, serial_shops, shop, small_statue_intersection,
          lightli_corner_chamber
D:4:      cheibrodos_greedy_goblins, layout_basic
D:5:      layout_cave_pods, nzn_wu_jian_council_hall, minmay_temple_entry_tees,
          gammafunk_ghost_mausoleum
D:7:      minmay_flawed_box, layout_basic, gammafunk_ghost_berserking_beasts,
          minmay_misc_feat_nine_boxes

Skill      XL: |  1  2  3  4  5  6  7  8 |
---------------+-------------------------+-----
Axes           | 3 4 5 6 7 |  7.9
Invocations    | 3 4 5 6 7 |  7.2
Fighting       | |  3.0
Armour         | |  1.5
Dodging        | |  0.7

Action                   |  1- 3 |  4- 6 |  7- 9 || total
-------------------------+-------+-------+-------++-------
Melee: Hand axe          |   110 |   101 |    13 ||   224
       Tailslap          |     7 |    11 |    11 ||    29
       War axe           |       |    26 |   104 ||   130
Invok: Depart the Abyss  |     1 |       |       ||     1
 Abil: Rolling Charge    |     1 |     1 |     2 ||     4
  Use: Scroll            |       |    10 |     2 ||    12
       Potion            |       |       |     3 ||     3
Armor: Leather armour    |    88 |    56 |    97 ||   241
       Skin              |       |       |    49 ||    49
Dodge: Dodged            |    62 |    66 |    73 ||   201

Table legend: (Time is in decaauts)
 A = Elapsed time spent in this place.
 B = Non-inter-level travel time spent in this place.
 C = Inter-level travel time spent in this place.
 D = Time resting spent in this place.
 E = Time spent auto-exploring this place.
 F = Levels seen in this place.
 G = Mean time per level.
                   A        B        C        D        E       F      G
               +--------+--------+--------+--------+--------+-----+--------+
         Total |   5603 |   5501 |    102 |    509 |   4073 |   8 |  700.4 |
       Dungeon |   5485 |   5383 |    102 |    509 |   3990 |   6 |  914.2 |
         Abyss |    117 |    117 |      0 |      0 |     83 |   2 |   58.5 |
               +--------+--------+--------+--------+--------+-----+--------+

Top non-repeatable levels by time:
     D:7: 1386 daAuts
     D:1: 1270 daAuts
     D:2: 1057 daAuts
     D:4: 715 daAuts
     D:3: 613 daAuts
     D:5: 441 daAuts
 Abyss:1: 78 daAuts
 Abyss:2: 39 daAuts
